Match 27540441
Unlisted

Match 27540441
End
Vickers Machine Gun Team
Construct Section Command Post
Selects Indian Artillery Battlegroup
Infantry Section
ML 3-inch Mortar Team
Infantry Section
Construct Platoon Command Post
Selects Towed ML 4.2-inch Heavy Mortar
Humber Armored Car
Selects Valour
Towed ML 4.2-inch Heavy Mortar
Grenade Package
Anxiety
Friendly Mouse(Poxie)
neurotypical cattle
Pornstache
Doinkov
晨曦朝露
Rubber Biscuit
captainhack6
0
0

Comments sign in to comment!

No comments posted yet!